 Dungeon Crawl Stone Soup version 0.16-a0-2038-g968ce0a (webtiles) character file.

5903 Solace the Summoner (level 10, -9/58 HPs)
             Began as a Deep Elf Summoner on Nov 11, 2014.
             Was a Priest of Sif Muna.
             Killed from afar by a fire drake (20 damage)
             ... with a blast of flame
             ... on level 4 of the Lair of Beasts.
             The game lasted 01:04:26 (13126 turns).

Solace the Summoner (Deep Elf Summoner)            Turns: 13126, Time: 01:04:26

Health: -9/58      AC:  5    Str:  5    XL:     10   Next: 53%
Magic:  26/31      EV: 24    Int: 24    God:    Sif Muna [***...]
Gold:   742        SH:  0    Dex: 20    Spells: 5 memorised, 14 levels left

rFire  . . .     SeeInvis +     o - +1 dagger (venom)
rCold  . . .     Clarity  .     a - +0 robe
rNeg   + . .     SustAb   .     (no shield)
rPois  .         Gourm    +     m - +2 hat
rElec  .         Spirit   .     (no cloak)
rCorr  .         Warding  .     (no gloves)
rMut   .         Stasis   .     W - +0 pair of boots
MR     +....                    T - amulet of the gourmand
Stlth  ++++......               P - ring of positive energy
                                Y - ring of see invisible

@: agile, very slightly contaminated, hasted, very quick, somewhat resistant to
hostile enchantments, stealthy
A: no striking features
a: Channel Energy, Forget Spell, Renounce Religion


You were on level 4 of the Lair of Beasts.
You worshipped Sif Muna.
Sif Muna was most pleased with you.
You were hungry.

You visited 3 branches of the dungeon, and saw 13 of its levels.

You collected 742 gold pieces.

Inventory:

Hand weapons
 o - a +1 dagger of venom (weapon)
 K - the +14 plutonium sword {Contam Stlth-}
   (You found it on level 5 of the Dungeon)

   It causes magical contamination when unequipped.
   It makes you less stealthy.
Missiles
 E - 2 javelins (quivered)
Armour
 a - a +0 robe (worn)
 m - a +2 hat (worn)
 W - a +0 pair of boots (worn)
Jewellery
 P - a ring of positive energy (right hand)
 T - an amulet of the gourmand (around neck)
 Y - a ring of see invisible (left hand)
Magical devices
 t - a wand of enslavement (12)
 z - a wand of digging (15)
 D - a wand of digging (16)
 I - a wand of lightning (4)
 R - a wand of confusion (24)
 S - a wand of lightning (10)
 U - a wand of draining (8)
Scrolls
 h - 3 scrolls of identify
 l - 5 scrolls of teleportation
 q - 8 scrolls of remove curse
 L - 2 scrolls of recharging
 O - a scroll of amnesia
 Q - 4 scrolls of magic mapping
 Z - a scroll of holy word
Potions
 f - a potion of porridge
 g - a potion of might {unknown}
 k - a potion of resistance {unknown}
 p - a potion of confusion
 r - 4 potions of restore abilities
 s - a potion of flight
 A - a potion of magic
 B - a potion of poison {unknown}
 G - a potion of lignification {unknown}
 J - a potion of berserk rage {unknown}
 N - 2 potions of haste
 X - a potion of heal wounds {unknown}
Books
 b - a book of Callings

   Spells                             Type                      Level
   *Summon Small Mammal               Summoning                    1
   *Call Imp                          Summoning                    2
   *Call Canine Familiar              Summoning                    3
   Summon Guardian Golem              Hexes/Summoning              4
   *Summon Lightning Spire            Summoning/Air                4
   *Summon Ice Beast                  Ice/Summoning                4
 F - a book of Transfigurations

   Spells                             Type                      Level
   Stoneskin                          Transmutation/Earth          2
   Irradiate                          Conjuration/Transmutation    5
   Statue Form                        Transmutation/Earth          6
   Hydra Form                         Transmutation                6
   Dragon Form                        Transmutation                7
Comestibles
 c - 5 bread rations
 d - a slice of pizza
 i - 10 chunks of flesh
 j - 2 beef jerkies
 u - 3 fruits
 v - a royal jelly
 C - 2 meat rations


   Skills:
 + Level 4.4 Fighting
 + Level 8.5 Dodging
 - Level 2.4 Stealth
 + Level 9.9 Spellcasting
 * Level 12.2 Summonings
 - Level 3.0 Ice Magic


You had 14 spell levels left.
You knew the following spells:

 Your Spells              Type           Power        Failure   Level  Hunger
a - Summon Lightning Spi  Summ/Air       #####...     4%          4    #......
c - Call Canine Familiar  Summ           ######..     1%          3    None
d - Summon Ice Beast      Ice/Summ       #####...     2%          4    #......
x - Call Imp              Summ           ######..     1%          2    None
z - Summon Small Mammal   Summ           ####         1%          1    None


Dungeon Overview and Level Annotations

Branches:
Dungeon (8/15)             Temple (1/1) D:4            Lair (4/8) D:8
  Swamp: Lair:3-6    Shoals: Lair:3-6     Snake: Lair:3-6    Spider: Lair:3-6

Altars:
Ashenzari
Cheibriados
Dithmenos
Elyvilon
Gozag
Kikubaaqudgha
Makhleb
Nemelex Xobeh
Okawaru
Qazlal
Ru
Sif Muna
Trog
Vehumet
Xom
Yredelemnul
The Shining One

Shops:
D:6 *

Annotations:
D:8 exclusions: 3 doors and killer bee


Message History

Your warg misses the scorpion. You hit the fire drake.
The fire drake is poisoned.
The fire drake is moderately wounded.
The fire drake bites you.
* * * LOW HITPOINT WARNING * * *
Your warg completely misses the scorpion.
The fire drake barely misses you.
Your ice beast barely misses the fire drake.
Drink which item? (? for menu, Esc to quit)
You feel yourself speed up.
Your warg closely misses the scorpion.
The fire drake bites you.
* * * LOW HITPOINT WARNING * * *
Your ice beast closely misses the fire drake.
You are very lightly contaminated with residual magic.
Your warg bites the scorpion!
Your ice beast hits the scorpion.
The scorpion dies!
The fire drake breathes flames at you. The blast of flame hits you!
You die...

.............PPPPPPPPPPP.P.....
.#...#.#........................
..##.#.# #.......................
.....#^# #......................#
.......###.....÷................#
.....#..........................#
.....#...#....##......)..)..(...)
#..##..#......##..(..............
..####.##PP...##@................
.#. ...#PP...k.........†P.......
. .###..#P....##.................
. .# ...##....##.................
. . ...##...†#......†...........
........Y...................
##.#.............†......... #
###.##................# #.
##...............


You could see a fire drake.

Vanquished Creatures
  A fire drake (D:8)
  A wyvern (D:8)
  A phantom (D:4)
  A centaur (D:6)
  2 giant frogs
  A crimson imp (D:8)
  A jelly (D:6)
  2 worker ants (D:4)
  3 hounds
  An orc wizard (D:8)
  3 green rats
  4 adders
  An adder skeleton (D:4)
  A giant gecko (D:2)
  4 orcs
  2 ball pythons (D:2)
  8 bats
  A bat skeleton (D:7)
  A giant cockroach (D:6)
  5 goblins
  10 hobgoblins
  3 quokkas
  4 giant newts
  2 jackals (D:6)
  2 kobolds
  9 rats
74 creatures vanquished.

Vanquished Creatures (collateral kills)
  Harold (Lair:3)
  A hydra (Lair:2)
  A siren (Lair:4)
  2 black mambas
  5 spiny frogs
  A fire drake (Lair:2)
  2 merfolk (Lair:4)
  A wyvern (D:8)
  8 yaks
  A hungry ghost (D:8)
  4 hippogriffs
  2 porcupines (Lair:1)
  5 water moccasins
  2 ice beasts
  3 phantoms
  A necrophage (D:5)
  5 ogres
  12 giant frogs
  2 crocodiles
  2 scorpions
  An electric eel (Lair:3)
  A hound (Lair:2)
  2 goliath beetles
  3 orc priests
  5 iguanas
  2 worker ants
  An orc wizard (D:7)
  A killer bee zombie (D:8)
  A sky beast zombie (D:5)
  A hound zombie (D:7)
  An orc zombie (D:7)
  A worker ant zombie (D:8)
  9 adders
  45 green rats
  A scorpion zombie (D:6)
  3 worms
  An iguana skeleton (D:4)
  An adder skeleton (D:8)
  A giant gecko (D:4)
  23 orcs
  5 hobgoblins
  5 quokkas
  5 bats
  2 giant cockroaches
  3 giant newts
  A giant newt skeleton (D:5)
  8 goblins
  2 hobgoblin skeletons
  6 jackals
  12 kobolds
  2 rats
  4 ballistomycetes (D:6)
220 creatures vanquished.

Vanquished Creatures (others)
  14 ice beasts
  4 wargs
  10 wolves
  A lightning spire (Lair:3)
  5 crimson imps
  3 iron imps
  5 shadow imps
  6 white imps
  14 bats
  18 quokkas
  A giant spore (D:6)
  15 rats
  A fungus (Lair:3)
97 creatures vanquished.

Grand Total: 391 creatures vanquished

Notes
Turn   | Place    | Note
--------------------------------------------------------------
     0 | D:1      | Solace, the Deep Elf Summoner, began the quest for the Orb.
     0 | D:1      | Reached XP level 1. HP: 10/10 MP: 5/5
   581 | D:1      | Reached XP level 2. HP: 15/15 MP: 4/8
   585 | D:1      | Learned a level 2 spell: Call Imp
   909 | D:1      | :D
  1229 | D:2      | Found a radiant altar of Vehumet.
  1258 | D:2      | Reached XP level 3. HP: 17/19 MP: 9/11
  1263 | D:2      | Learned a level 3 spell: Call Canine Familiar
  1813 | D:2      | Reached skill level 5 in Summonings
  2357 | D:3      | Reached XP level 4. HP: 13/24 MP: 14/14
  2508 | D:3      | Found an iron altar of Okawaru.
  2784 | D:4      | Noticed a phantom
  2844 | D:4      | Killed a phantom
  2844 | D:4      | Reached XP level 5. HP: 22/28 MP: 10/18
  2980 | D:4      | Noticed a phantom
  3044 | D:4      | Reached skill level 6 in Summonings
  3077 | D:4      | Killed a phantom
  3294 | D:4      | Reached XP level 6. HP: 19/32 MP: 15/20
  3493 | D:4      | Learned a level 4 spell: Summon Ice Beast
  3969 | D:4      | Found a staircase to the Ecumenical Temple.
  3970 | D:4      | Noticed an ogre
  3983 | D:4      | Killed an ogre
  3983 | D:4      | Reached skill level 5 in Spellcasting
  4019 | Temple   | Entered the Ecumenical Temple
  4128 | D:4      | Noticed a phantom
  4280 | D:4      | Killed a phantom
  4281 | D:4      | FINALLY
  4513 | D:5      | Entered Level 5 of the Dungeon
  4606 | D:5      | Reached skill level 5 in Dodging
  4606 | D:5      | Reached skill level 7 in Summonings
  5308 | D:5      | Reached XP level 7. HP: 23/36 MP: 21/23
  5588 | D:6      | Found an ancient bone altar of Kikubaaqudgha.
  5703 | D:6      | Learned a level 4 spell: Summon Lightning Spire
  5810 | D:6      | Reached skill level 8 in Summonings
  6150 | D:6      | Found Cinet's Assorted Antiques.
  6231 | D:6      | Found a basalt altar of Yredelemnul.
  6231 | D:6      | Found a deep blue altar of Sif Muna.
  6235 | D:6      | Became a worshipper of Sif Muna the Loreminder
  6236 | D:6      | Siffykins!
  6446 | D:6      | Found an opulent altar of Gozag.
  6471 | D:6      | Reached skill level 1 in Ice Magic
  6519 | D:6      | Got a slimy leather armour
  6520 | D:6      | Identified the cursed -1 leather armour of Misanthropy {Str+2 Int+4 Dex+1} (You found it on level 6 of the Dungeon)
  7093 | D:7      | wolf is STORNG
  7405 | D:7      | Reached XP level 8. HP: 6/41 MP: 20/25
  8100 | D:7      | Found a sacrificial altar of Ru.
  8103 | D:7      | Abusive Ru
  8699 | D:8      | Acquired Sif Muna's first power
  8699 | D:8      | Reached skill level 9 in Summonings
  8857 | D:8      | SO MUCH BEE
  8931 | D:8      | Found a stormy altar of Qazlal.
  9017 | D:8      | Reached skill level 1 in Fighting
  9020 | D:8      | Wyverns are scary
  9034 | D:8      | Ogres are not. Remember when they used to be, though?
  9095 | D:8      | Uhh
  9095 | D:8      | Found a burning altar of Makhleb.
  9138 | D:8      | Found a staircase to the Lair.
  9138 | D:8      | Noticed a fire drake
  9146 | D:8      | Killed a fire drake
  9554 | Lair:1   | Entered Level 1 of the Lair of Beasts
  9617 | Lair:1   | Acquired Sif Muna's second power
  9617 | Lair:1   | Reached skill level 10 in Summonings
  9617 | Lair:1   | Reached XP level 9. HP: 48/48 MP: 5/28
  9764 | Lair:1   | Noticed a spiny frog
  9771 | Lair:1   | Killed a spiny frog
 10107 | Lair:1   | CURSED BOOTS! COOTS!
 10433 | Lair:2   | DISTANT SNORT! DORT!
 10496 | Lair:2   | Found a labyrinth entrance.
 10502 | Lair:2   | eh
 10602 | Lair:2   | Noticed a fire drake
 10618 | Lair:2   | Killed a fire drake
 10683 | Lair:2   | Noticed a spiny frog
 10693 | Lair:2   | Killed a spiny frog
 10706 | Lair:2   | Reached skill level 11 in Summonings
 10720 | Lair:2   | Noticed a seven-headed hydra
 10855 | Lair:2   | Noticed a spiny frog
 10869 | Lair:2   | Killed a spiny frog
 10890 | Lair:2   | Gee, thanks game
 10899 | Lair:2   | Killed a seven-headed hydra
 10919 | Lair:2   | YEAH
 11304 | Lair:2   | Reached XP level 10. HP: 56/56 MP: 28/30
 11451 | Lair:2   | Noticed a black mamba
 11457 | Lair:2   | Killed a black mamba
 11593 | Lair:3   | Noticed a black mamba
 11608 | Lair:3   | Killed a black mamba
 11725 | Lair:3   | Noticed Harold
 11728 | Lair:3   | HP: 2/56 [Harold/bolt of fire (30)]
 12154 | Lair:3   | Killed Harold
 12155 | Lair:3   | MWAHAHAH
 12696 | Lair:3   | Reached skill level 12 in Summonings
 12950 | Lair:4   | Noticed a siren
 12968 | Lair:4   | Killed a siren
 13067 | Lair:4   | Merfolks is good eatin'
 13126 | Lair:4   | Killed from afar by a fire drake

Action                   |  1- 3 |  4- 6 |  7- 9 | 10-12 || total
-------------------------+-------+-------+-------+-------++-------
Melee: Dagger            |    52 |   118 |   132 |    24 ||   326
       Unarmed           |     3 |       |       |       ||     3
       Club              |     1 |       |       |       ||     1
       Spear             |     5 |       |       |       ||     5
Throw: Javelin           |       |     1 |    12 |       ||    13
 Cast: Summon Small Mamm |    48 |    45 |    23 |       ||   116
       Call Imp          |    11 |    44 |    39 |     4 ||    98
       Call Canine Famil |       |     3 |    35 |    12 ||    50
       Summon Ice Beast  |       |       |    29 |    25 ||    54
       Summon Lightning  |       |       |       |     2 ||     2
Evoke: Wand              |       |       |     5 |       ||     5
  Use: Scroll            |       |     8 |     3 |     9 ||    20
       Potion            |       |     4 |     3 |     5 ||    12
 Stab: Sleeping          |     4 |     1 |     1 |       ||     6
       Distracted        |       |     3 |     1 |       ||     4
  Eat: Chunk             |     3 |     5 |    10 |     4 ||    22
       Pizza             |     1 |       |     1 |       ||     2
       Bread ration      |       |     1 |       |       ||     1
       Fruit             |       |       |     3 |       ||     3
       Meat ration       |       |       |     1 |       ||     1
       Beef jerky        |       |       |       |     2 ||     2
